 Dungeon Crawl Stone Soup version 0.27.1-1-g398f81649c (webtiles) character file.

Game seed: 9272691542034305106

653 loralnil the Insei (level 7, -13/55 HPs)
             Began as a Pale Draconian Transmuter on Sept 15, 2021.
             Mangled by a two-headed ogre (19 damage)
             ... on level 5 of the Dungeon.
             The game lasted 00:07:00 (5303 turns).

loralnil the Insei (Pale Draconian Transmuter)      Turns: 5303, Time: 00:07:01

Health: -13/55     AC:  2    Str: 13    XL:     7   Next: 28%
Magic:  14/20      EV: 21    Int: 13    God:
Gold:   166        SH:  0    Dex: 18    Spells: 2/12 levels left

rFire    . . .     SeeInvis .     - Unarmed
rCold    . . .     Faith    .   (shield currently unavailable)
rNeg     . . .     Spirit   .   (armour unavailable)
rPois    x         Reflect  .   (helmet currently unavailable)
rElec    .         Harm     .   (cloak currently unavailable)
rCorr    +         Rampage  .   (gloves currently unavailable)
Will     .....                  (boots currently unavailable)
Stlth    ++........             (no amulet)
HPRegen  0.18/turn              a - ring of resist corrosion
MPRegen  0.17/turn              f - ring of magical power

@: spider-form
A: venomous fangs, (breathe steam), AC +6, tiny, unfitting armour,
(cold-blooded), (steam resistance)
a: End Transformation


You were on level 5 of the Dungeon.
You were a venomous arachnid creature.
You visited 1 branch of the dungeon, and saw 5 of its levels.

You collected 166 gold pieces.

Inventory:

Armour
 h - a +0 cloak (melded)
Jewellery
 a - a ring of resist corrosion (left front leg)
 f - a ring of magical power (right front leg)
Wands
 c - a wand of flame (14)
Scrolls
 g - a scroll of vulnerability
Potions
 b - 2 potions of curing
 d - a potion of might
 j - a potion of lignification {unknown}


   Skills:
 - Level 2.0 Fighting
 + Level 3.8 Dodging
 + Level 4.8 Unarmed Combat
 - Level 3.0 Spellcasting
 + Level 4.3 Transmutations
 + Level 1.8 Ice Magic
 - Level 2.0 Poison Magic


You had 2 spell levels left.
You knew the following spells:

 Your Spells              Type           Power      Damage    Failure   Level
a - Beastly Appendage     Tmut           26%        N/A       12%         1
b - Wereblood             Tmut           13%        N/A       17%         2
c - Spider Form           Tmut/Pois      5%         N/A       38%         3
d - Ice Form              Ice/Tmut       9%         N/A       75%         4

Your spell library contained the following spells:

 Spells                   Type           Power      Damage    Failure   Level


Dungeon Overview and Level Annotations

Branches:
Dungeon (5/15)
 Temple: D:4-7

Altars:
Ashenzari
Nemelex Xobeh
Trog

Shops:
D:2 *


Innate Abilities, Weirdness & Mutations

You are a venomous arachnid creature.
You have poisonous fangs.
You are tiny and dextrous.
Your spellcasting is less reliable in this form.
Your armour is entirely melded.
You are incapable of wielding weapons or throwing items.
((You can breathe blasts of scalding, opaque steam.))
((Your pale cyan-grey scales are hard. (AC +6)))
You cannot fit into any form of body armour.
((You are cold-blooded and may be slowed by cold attacks.))
((You are immune to the effects of steam.))


Message History

Your transformation is almost over.
The two-headed ogre shouts in stereo!
The orc shouts!
There is an open door, spattered with blood here.
Items here: ( )) [ †.
You barely miss the adder. The adder bites you.
Your magical contamination has completely faded away.
You bite the adder!
You kill the adder!
You hit the orc wizard.
The orc wizard is poisoned.
The orc wizard is lightly wounded.
The orc wizard hits you with a +0 dagger.
You hit the orc wizard.
The orc wizard looks as sick as possible!
The orc wizard is moderately wounded.
The orc wizard misses you.
You hit the orc wizard.
The orc wizard looks as sick as possible!
The orc wizard is severely wounded.
You hit the two-headed ogre but do no damage.
The two-headed ogre is poisoned.
You feel a bit more experienced.
You bite the two-headed ogre!
The two-headed ogre looks as sick as possible!
The two-headed ogre is lightly wounded.
The two-headed ogre misses you.
The two-headed ogre hits you but does no damage.
You bite the two-headed ogre!
The two-headed ogre looks as sick as possible!
The two-headed ogre is moderately wounded.
Your transformation has ended.
Your +0 cloak unmelds from your body.
The two-headed ogre hits you with a +0 great mace!
The two-headed ogre hits you with a +0 giant spiked club.
Casting: Spider Form (dangerous; 19% risk of failure)
Confirm with . or Enter, or press ? or * to list all spells.
You turn into a venomous arachnid creature.
Your +0 cloak melds into your body.
The two-headed ogre hits you with a +0 great mace!!
* * * LOW HITPOINT WARNING * * *
The two-headed ogre hits you with a +0 giant spiked club!!
You die...

#'##...<.#......#
........#.......
!......
........##.....#
.......
.##.....########
....... #.....## #
.......#####......#
#
.......#..##.....##
#
...o...#..##.....#
#
......o#s.##.....#
#
......oO.........#
#
.......#...[.....#
#
.......#..######'#
## .......#+## ....
.. ....... .... (.
....... ..... ..
....... ... ..
....... #


You could see a two-headed ogre (extremely poisoned) and an orc.

Vanquished Creatures
  A black bear (D:5)
  An ogre (D:4)
  A necrophage (D:5)
  A scorpion (D:5)
  A centaur zombie (D:5)
  A bullfrog skeleton (D:3)
  A centaur skeleton (D:4)
  A hound (D:4)
  An orc wizard (D:5)
  4 gnolls
  8 adders
  An adder skeleton (D:4)
  2 worms
  3 orcs (D:5)
  3 ball pythons
  7 bats
  8 endoplasms
  2 giant cockroaches
  4 goblins
  7 hobgoblins
  4 jackals
  7 quokkas
  2 frilled lizards
  4 kobolds
  2 rats (D:1)
77 creatures vanquished.

Vanquished Creatures (others)
  A kraken (D:1)
  A ghoul (D:1)
  A draconian (D:1)
  A gargoyle (D:1)
  A djinni (D:1)
  A merfolk (D:1)
  A naga (D:1)
  A demigod (D:1)
  A dwarf (D:1)
  A tengu (D:1)
  A mummy (D:1)
  A gnoll (D:1)
  8 tentacles (D:1)
20 creatures vanquished.

Grand Total: 97 creatures vanquished

Notes
Turn   | Place    | Note
-------+----------+-------------------------------------------
     0 | D:1      | loralnil the Draconian Transmuter began the quest for the
                  | Orb.
     0 | D:1      | Reached XP level 1. HP: 16/16 MP: 3/3
     0 | D:1      | Noticed a demigod
     0 | D:1      | Noticed a naga
     0 | D:1      | Noticed a tengu
     0 | D:1      | Noticed a dwarf
     0 | D:1      | Noticed a kraken
     0 | D:1      | Noticed a draconian
     0 | D:1      | Noticed a merfolk
     0 | D:1      | Noticed a ghoul
     0 | D:1      | Noticed a gargoyle
     0 | D:1      | Noticed a ghoul
     0 | D:1      | Noticed a djinni
     6 | D:1      | Killed a naga
     7 | D:1      | Killed a gargoyle
     8 | D:1      | Killed a tengu
    11 | D:1      | Killed a dwarf
    13 | D:1      | Killed a draconian
    13 | D:1      | Killed a djinni
    13 | D:1      | Killed a demigod
    14 | D:1      | Killed a merfolk
    18 | D:1      | Killed a ghoul
    20 | D:1      | Killed a kraken
   206 | D:1      | Reached XP level 2. HP: 19/23 MP: 1/5
  1277 | D:2      | Found Comaj's General Store.
  1301 | D:2      | Reached XP level 3. HP: 17/29 MP: 4/6
  1304 | D:2      | Learned a level 2 spell: Wereblood
  1308 | D:2      | Learned a level 3 spell: Spider Form
  2582 | D:3      | Found a faded altar of an unknown god.
  2596 | D:2      | Reached XP level 4. HP: 22/36 MP: 7/7
  2727 | D:2      | Reached skill level 1 in Poison Magic
  3056 | D:3      | Reached XP level 5. HP: 27/41 MP: 8/8
  3531 | D:3      | Found a broken altar of Ashenzari.
  3823 | D:4      | Noticed an ogre
  3832 | D:4      | Killed an ogre
  3986 | D:4      | Found a sparkling altar of Nemelex Xobeh.
  4082 | D:4      | Reached XP level 6. HP: 43/48 MP: 10/10
  4087 | D:4      | Learned a level 4 spell: Ice Form
  4470 | D:4      | Found a bloodstained altar of Trog.
  4692 | D:5      | Entered Level 5 of the Dungeon
  4916 | D:5      | Reached skill level 1 in Ice Magic
  4916 | D:5      | Your scales start taking on a pale cyan-grey colour.
  4916 | D:5      | Reached XP level 7. HP: 10/55 MP: 11/11
  4916 | D:5      | Gained mutation: You are immune to the effects of steam.
                  | [Pale Draconian growth]
  5293 | D:5      | Noticed a two-headed ogre
  5303 | D:5      | Mangled by a two-headed ogre

Illustrated notes

Levels and vault maps discovered:
D:1:      nicolae_arrival_kraken_aquarium_a, layout_loops_corners,
          minmay_misc_feat_diagonals
D:2:      layout_basic, serial_shops, shop, minmay_misc_feat_columns
D:3:      layout_basic, mainiacjoe_overflow_paths,
          ebering_ecumenical_altar_abandoned, minmay_misc_feat_square
D:4:      layout_gridville, nemelex_diamond_rough_becter,
          overflow_temple_1_default
D:5:      layout_gridville, kennysheep_generic_room_8, uniq_sigmund

Skill      XL: |  1  2  3  4  5  6 |
---------------+-------------------+-----
Dodging        | 2 3 |  3.8
Fighting       | 2 |  2.0
Poison Magic   | 1 2 |  2.0
Unarmed Combat | 4 |  4.8
Transmutations | 3 4 |  4.3
Spellcasting   | 3 |  3.0
Ice Magic      | 1 |  1.8

Action                   |  1- 3 |  4- 6 |  7- 9 || total
-------------------------+-------+-------+-------++-------
Melee: Unarmed           |   141 |   137 |    23 ||   301
       Headbutt          |    13 |    18 |       ||    31
       Kick              |    11 |    25 |       ||    36
       Tailslap          |    10 |    15 |     1 ||    26
       Punch             |     1 |     2 |       ||     3
 Cast: Beastly Appendage |    26 |    24 |     1 ||    51
       Spider Form       |       |     3 |     3 ||     6
  Use: Scroll            |     2 |     5 |       ||     7
 Stab: Sleeping          |     1 |       |       ||     1
Armor: Skin              |    42 |    31 |     3 ||    76
Dodge: Dodged            |    77 |    83 |    15 ||   175
